 Dungeon Crawl Stone Soup version 0.25-a0-566-g062765be81 (webtiles) character file.

Game seed: 17201210146617429910, levelgen mode: deterministic

7 vurker the Gusty (level 1, -2/8 HPs)
             Began as a Felid Air Elementalist on Feb 28, 2020.
             Slain by an ooze (4 damage)
             ... on level 1 of the Dungeon.
             The game lasted 00:00:35 (213 turns).

vurker the Gusty (Felid Air Elementalist)            Turns: 213, Time: 00:00:36

Health: -2/8       AC:  1    Str:  4    XL:     1   Next: 91%
Magic:  0/4        EV: 18    Int: 16    God:
Gold:   3          SH:  0    Dex: 16    Spells: 3/4 levels left
                                        Lives:  0   Deaths: 0

rFire    . . .     SeeInvis +   (weapon unavailable)
rCold    . . .     Gourm    .   (shield unavailable)
rNeg     . . .     Faith    .   (armour unavailable)
rPois    .         Spirit   .   (helmet unavailable)
rElec    .         Reflect  .   (cloak unavailable)
rCorr    .         Harm     .   (gloves unavailable)
MR       .....                  (boots unavailable)
Stlth    +++.......             (no amulet)
HPRegen  0.02/turn              (no ring)
MPRegen  0.09/turn              (no ring)

@: quick
A: very small, no armour, no weapons or thrown items, stealth, claws 1, fangs 3,
see invisible, carnivore, speed 1, shaggy fur 1, slow metabolism 1, sharp paws
a: no special abilities


You were on level 1 of the Dungeon.
You were not hungry.

You visited 1 branch of the dungeon, and saw 1 of its levels.

You collected 3 gold pieces.

Inventory:

Scrolls
 a - a scroll of teleportation {unknown}
 b - a scroll of fog {unknown}
Comestibles
 e - a ration


   Skills:
 + Level 0.4 Fighting
 - Level 2.6 Dodging
 - Level 2.6 Stealth
 * Level 2.1 Spellcasting
 + Level 1.0 Conjurations
 * Level 2.9 Air Magic


You had 3 spell levels left.
You knew the following spells:

 Your Spells              Type           Power        Failure   Level  Hunger
a - Shock                 Conj/Air       #...         9%          1    #......

Your spell library contained the following spells:

 Spells                   Type           Power        Failure   Level  Hunger
 Swiftness                Chrm/Air       #.......     17%         2    ###....
 Static Discharge         Conj/Air       #.......     26%         3    ###....
 Airstrike                Air            ##........   52%         4    #####..
 Lightning Bolt           Conj/Air       #.........   94%         5    ######.


Dungeon Overview and Level Annotations

Branches:
Dungeon (1/15)

Altars:


Innate Abilities, Weirdness & Mutations

You cannot wear armour.
You are incapable of wielding weapons or throwing items.
Your paws allow you to move quietly. (Stealth)
You have sharp claws.
You have razor-sharp teeth.
You have supernaturally acute eyesight. (SInv)
You are carnivorous and can eat meat at any time.
You cover ground quickly.
You are covered in fur. (AC +1)
You have a slow metabolism.
Your sharp claws are effective at attacking unaware monsters.


Message History

No target in view!
No target in view!
Your magical contamination has completely faded away.
You see here a +0 short sword.
Found 20 arrows.
An ooze and a giant cockroach come into view.
Found a scroll labeled MATIAN ONARCH and 2 fuming brown potions.
There are monsters nearby!
There are monsters nearby!
Aim: a giant cockroach (resting)
The zap hits the giant cockroach.
Aim: a giant cockroach The zap hits the giant cockroach.
The ooze quivers.
Aim: a giant cockroach (heavily wounded)
You miscast Shock.
You are very lightly contaminated with residual magic.
You feel momentarily weightless. The giant cockroach closely misses you.
Aim: a giant cockroach (moderately wounded)
The zap hits the giant cockroach.
The giant cockroach waves its antennae.
The giant cockroach misses you.
You don't have enough magic to cast that spell.
You don't have enough magic to cast that spell.
You scratch the giant cockroach but do no damage.
The giant cockroach closely misses you.
You closely miss the giant cockroach. The giant cockroach barely misses you.
The giant cockroach closely misses you.
You scratch the giant cockroach but do no damage.
The ooze barely misses you.
The giant cockroach completely misses you.
You scratch the giant cockroach.
You kill the giant cockroach!
The ooze misses you.
You scratch the ooze. The ooze hits you.
Ouch! That really hurt!
* * * LOW HITPOINT WARNING * * *
The zap hits the ooze. x2; The ooze misses you.
Your magical contamination has completely faded away.
The zap hits the ooze. x2
You don't have enough magic to cast that spell.
You are too injured to fight recklessly!
You are too injured to fight recklessly!
You are too injured to fight recklessly!
You scratch the ooze but do no damage. The ooze hits you.
* * * LOW HITPOINT WARNING * * *
You scratch the ooze. The ooze misses you.
You scratch the ooze but do no damage. The ooze hits you.
Ouch! That really hurt!
You die...

........##........)#..#.#.#
........##................#
........##..............###
.....[.ยง#########.......#
.......โ‰ˆ# ####.......#
.......โ‰ˆ# #.......##.#
.......โ‰ˆ# #......###.#
........# #..J...###.#
........# #..@....##.##
........# #...........#
##'''#### #........#..#
#8...8# #......#(...#
#.....# #.....###...#
##...## #......#....# #.###
#...#....#..# #.#
#..###.#....# #.#
##).#..##...#


You could see an ooze.

Vanquished Creatures
  A dart slug (D:1)
  A giant cockroach (D:1)
  A hobgoblin (D:1)
  A ball python (D:1)
  A frilled lizard (D:1)
  A kobold (D:1)
6 creatures vanquished.

Notes
Turn   | Place    | Note
-------+----------+-------------------------------------------
     0 | D:1      | vurker the Felid Air Elementalist began the quest for the
                  | Orb.
     0 | D:1      | Reached XP level 1. HP: 7/7 MP: 4/4
   104 | D:1      | Reached skill level 1 in Conjurations
   213 | D:1      | Slain by an ooze

Levels and vault maps discovered:
D:1:      scummos_arrival_gate, layout_basic, minmay_pentomino_x2

Skill      XL: |  1 |
---------------+----+-----
Conjurations   | 1 |  1.0
Fighting       | |  0.4
Dodging        | |  2.6
Stealth        | |  2.6
Spellcasting   | |  2.1
Air Magic      | |  2.9

Action                   || total
-------------------------++-------
Melee: Unarmed           ||     9
 Cast: Shock             ||    13
  Eat: Chunk             ||     1
Dodge: Dodged            ||    10

Table legend:
 A = Non-vault XP
 B = Vault XP
 C = Vault XP percentage of total XP
 D = Non-vault monster count
 E = Vault monster count
 F = Vault count percentage of total count
                 A         B        C        D         E       F
            +---------+---------+-------+---------+---------+-------
      Total |       6 |       5 |  45.5 |       4 |       2 |  33.3
            +---------+---------+-------+---------+---------+-------
        D:1 |       6 |       5 |  45.5 |       4 |       2 |  33.3
            +---------+---------+-------+---------+---------+-------
